 Dungeon Crawl Stone Soup version 0.17.1-3-g152610e (webtiles) character file.

260703 Peloso the Minotaur Blade (level 19, 0/180 HPs)
             Began as a Minotaur Fighter on Apr 25, 2016.
             Was the Champion of Okawaru.
             Killed from afar by Nikola (33 damage)
             ... with a chain lightning
             ... on level 4 of the Shoals.
             The game lasted 03:18:41 (51049 turns).

Peloso the Minotaur Blade (Minotaur Fighter)       Turns: 51049, Time: 03:18:41

Health: 0/180      AC: 41    Str: 26    XL:     19   Next: 56%
Magic:  24/24      EV: 17    Int:  8    God:    Okawaru [******]
Gold:   4345       SH: 11    Dex: 19    Spells: 0 memorised, 18 levels left

rFire  + + .     SeeInvis .     Z - +9 double sword (flame)
rCold  . . .     Clarity  .     O - +1 crystal plate armour of Ynatolef {Int+3}
rNeg   . . .     SustAt   .     H - +0 buckler {reflect}
rPois  .         Gourm    .     W - +2 hat
rElec  .         Spirit   .     q - +0 cloak {MR+}
rCorr  .         Warding  .     g - +2 pair of fencer's gloves {LBl+4 SBl+4 EV+3 Dex+6}
rMut   .         Stasis   .     Q - +2 pair of boots {Fly}
MR     ++++.                    P - amulet of faith
Stlth  ..........               u - ring of protection from fire
                                C - ring of protection from magic

@: heroism, flying, incredibly resistant to hostile enchantments, extremely
unstealthy
A: retaliatory headbutt, horns 2, deterioration 1, fire resistance 1, high mp 1,
magic resistance 1, MP-powered wands
a: Heroism, Finesse, Renounce Religion, Stop Flying
}: 1/15 runes: barnacled


You were on level 4 of the Shoals.
You worshipped Okawaru.
Okawaru was exalted by your worship.
You were not hungry.

You visited 7 branches of the dungeon, and saw 36 of its levels.
You also visited: Labyrinth, Ice Cave and Volcano.

You collected 5412 gold pieces.
You spent 1067 gold pieces at shops.

Inventory:

Hand Weapons
 R - the +10 long sword of Vanity {pain, Str+7}
   (You found it on level 15 of the Dungeon)

   In the hands of one skilled in necromantic magic, it inflicts extra damage on
   living creatures.
   It affects your strength (+7).
 Z - a +9 double sword of flaming (weapon)
Armour
 b - the +0 plate armour of Tyeckiaj {Str+2 Slay+3}
   (You found it on level 8 of the Lair of Beasts)

   It affects your strength (+2).
   It affects your accuracy and damage with ranged weapons and melee attacks
   (+3).
 g - the +2 pair of fencer's gloves (worn) {LBl+4 SBl+4 EV+3 Dex+6}
   (You bought it in a shop on level 1 of the Orcish Mines)

   It affects your evasion (+3).
   It affects your dexterity (+6).
 q - a +0 cloak of magic resistance (worn)
 D - a +0 large shield of resistance
 H - a +0 buckler of reflection (worn)
 K - a +2 pair of boots of running
 O - the +1 crystal plate armour of Ynatolef (worn) {Int+3}
   (You took it off a deep elf high priest on level 3 of the Elven Halls)

   It affects your intelligence (+3).
 Q - a +2 pair of boots of flying (worn)
 W - a +2 hat (worn)
Jewellery
 l - an uncursed amulet of resist corrosion
 u - a ring of protection from fire (right hand)
 C - a ring of protection from magic (left hand)
 F - an uncursed ring of protection from magic
 P - an amulet of faith (around neck)
Wands
 y - a wand of digging (9)
Scrolls
 i - 2 scrolls of enchant armour
 k - a scroll of magic mapping
 m - a scroll of brand weapon
 n - 13 scrolls of identify
 r - 3 scrolls of blinking
 s - 6 scrolls of teleportation
 t - 5 scrolls of recharging
 B - 8 scrolls of fog
 G - a scroll of holy word
 J - 15 scrolls of remove curse
 V - 5 scrolls of fear
 Y - a scroll of summoning
Potions
 d - 3 potions of might
 f - 3 potions of resistance
 j - 3 potions of agility
 o - 9 potions of curing
 p - 4 potions of heal wounds
 x - a potion of berserk rage
 T - 5 potions of haste
 U - a potion of cancellation
Books
 v - a book of Summonings

   Spells                             Type                      Level
   a - Recall                         Summoning/Translocation      3
   b - Aura of Abjuration             Summoning                    5
   c - Shadow Creatures               Summoning                    5
   d - Summon Demon                   Summoning                    5
   e - Summon Forest                  Summoning/Translocation      5
   f - Summon Mana Viper              Hexes/Summoning              5
Comestibles
 a - 6 chunks of flesh
 c - 23 fruits
 e - 17 bread rations
 h - 28 meat rations
 M - 11 royal jellies


   Skills:
 + Level 18.3(23.3) Fighting
 + Level 22.3(27) Long Blades
 + Level 17.4(22.4) Armour
 + Level 7.7(12.7) Dodging
 + Level 2.1(7.1) Stealth
 + Level 20.5(25.5) Shields
 + Level 6.0 Invocations
 + Level 1.3 Evocations


You had 18 spell levels left.
You didn't know any spells.

Dungeon Overview and Level Annotations

Branches:
Dungeon (15/15)            Temple (1/1) D:5            Lair (8/8) D:9
 Shoals (4/4) Lair:4       Spider (1/4) Lair:6        Slime (0/6) Lair:8
    Orc (4/4) D:11            Elf (3/3) Orc:3        Vaults (0/5) D:14
 Depths (0/5) D:15

Altars:
Ashenzari
Cheibriados
Dithmenos
Elyvilon
Fedhas
Gozag
Kikubaaqudgha
Makhleb
Nemelex Xobeh
Okawaru
Qazlal
Ru
Sif Muna
Trog
Vehumet
Xom
Yredelemnul
Zin
The Shining One
Beogh

Shops:
D:7 *   D:8 [   D:9 *   D:10 [   D:12 }   D:14 (   D:15 !}:   Orc:1 }[}
Orc:4 (:!!   Elf:1 *

Portals:
Pandemonium: Orc:4
Trove: D:10 (give horn of Geryon)

Annotations:
Shoals:4 Nikola


Innate Abilities, Weirdness & Mutations

You reflexively headbutt those who attack you in melee.
You have a pair of horns on your head.
Your body sometimes deteriorates upon taking damage.
Your flesh is heat resistant.
You have an increased reservoir of magic (+10% MP).
You are resistant to hostile enchantments.
You expend magic power (3 MP) to strengthen your wands.


Message History

Nikola casts a spell at you. The zap hits you! The merfolk misses you.
Shadowy forms rise from the deep at the merfolk avatar's song!
The drowned soul touches you. The drowned soul drowns you!
The drowned soul touches you. The drowned soul drowns you!
The drowned soul touches you. The drowned soul drowns you!
The merfolk avatar chants a haunting song.
You resist with almost no effort.
You slash the merfolk avatar! You burn the merfolk avatar.
You headbutt the merfolk avatar, but do no damage.
The merfolk avatar is lightly wounded.
Unknown command.
The shadowy forms in the deep grow still as others approach.
You block the merfolk's attack.
Nikola gestures wildly while chanting.
You hear a mighty clap of thunder!
The lightning arc hits the merfolk.
The lightning arc hits you!
* * * LOW HITPOINT WARNING * * *
The lightning arc hits the merfolk.
The lightning arc hits you!
You die...

≈≈≈≈≈≈≈≈≈≈≈≈≈≈≈≈≈≈≈≈≈≈≈≈
≈≈≈≈≈≈≈≈≈≈≈≈≈≈≈≈≈≈≈≈≈≈≈≈
≈≈≈≈≈≈≈≈≈≈≈≈≈≈≈≈≈≈≈≈≈≈≈≈
≈≈≈≈≈≈≈≈≈≈≈≈≈≈≈≈≈≈≈≈≈≈≈≈
≈≈≈≈≈≈≈≈≈≈≈≈≈≈≈≈W≈m≈W≈
≈≈≈.....≈≈≈≈≈≈≈≈≈≈W≈#
≈≈.##..#≈≈≈≈≈≈≈≈≈≈≈##
≈)(#######≈≈...≈≈##≈≈≈
..#.(###≈≈##)...@##
.≈#..≈≈≈≈≈#≈≈...m.#
.###≈#≈#≈≈##≈....##
.≈##≈≈[≈≈##≈......#
.≈#≈)#≈#≈##≈...).≈#
.##≈≈≈≈...##)..).##
.###≈###.##@...†...#
.≈≈### ##.........#
.≈≈≈#≈# ≈≈.).....(.≈≈


You could see Nikola, a merfolk avatar, a merfolk and 2 drowned souls.

Vanquished Creatures
  Jorgrun (Elf:2)
  The ghost of riffraff the Executioner, an adept MiFi of Okawaru (Shoals:2)
  2 deep elf blademasters (Elf:3)
  2 deep elf master archers (Elf:3)
  A kraken (Shoals:1)
  A sphinx (D:15)
  Kirke (Lair:6)
  A frost giant (D:15)
  Donald (Elf:2)
  Maud (D:10)
  6 deep elf sorcerers (Elf:3)
  Nessos (Lair:8)
  9 deep elf demonologists (Elf:3)
  12 deep elf annihilators (Elf:3)
  Snorg (Lair:5)
  6 merfolk javelineers
  4 vault guards (D:15)
  A minotaur (Lab)
  5 deep elf death magi (Elf:3)
  2 ettins (D:15)
  5 crystal guardians (Elf:3)
  3 ogre magi
  Erolcha (Orc:3)
  2 fire dragons
  8 merfolk impalers
  Josephine (Orc:3)
  2 great orbs of eyes (D:15)
  4 deep elf high priests (Elf:3)
  A rakshasa (D:15)
  A catoblepas (D:13)
  12 hydras
  8 merfolk avatars
  2 deep troll shamans (D:15)
  A satyr (Shoals:4)
  2 alligator snapping turtles
  8 merfolk aquamancers
  3 centaur warriors
  The ghost of Romlok the Carver, a journeyman VSNe of Okawaru (D:13)
  14 dancing weapons (Elf:2)
  25 death yaks
  9 orc high priests (Orc:4)
  3 tengu warriors
  A shadow wraith (D:15)
  20 deep elf knights
  An unseen horror (D:12)
  A skeletal warrior (D:15)
  5 sea snakes
  8 deep elf summoners
  A giant orange brain (D:15)
  8 hill giants
  A gelid demonspawn (Orc:4)
  An anubis guard (shapeshifter) (D:14)
  An orange crystal statue (D:8)
  A wizard (D:15)
  7 orc knights
  2 putrid demonspawn (Orc:4)
  16 deep elf conjurers
  A hornet (D:15)
  5 orc sorcerers
  13 fauns
  12 ugly things
  5 griffons
  28 harpies
  3 wolf spiders
  4 water nymphs
  A hornet (shapeshifter) (Elf:3)
  7 black mambas
  A black mamba (shapeshifter) (D:14)
  2 oklob plants (Lair:8)
  8 cyclopes
  12 manticores
  A sixfirhy (Orc:4)
  A rust devil (Orc:4)
  7 sirens
  4 ice statues
  A guardian serpent (shapeshifter) (Elf:2)
  4 gargoyles
  An efreet (D:13)
  8 komodo dragons
  19 spiny frogs
  A guardian serpent (Lair:8)
  2 red devils (Orc:4)
  A hellwing (Orc:4)
  A yaktaur (shapeshifter) (D:15)
  43 merfolk
  23 deep elf priests
  5 fire drakes
  3 tengu conjurers
  3 polar bears
  2 wind drakes
  A harpy skeleton (D:15)
  6 snapping turtles
  8 trolls
  10 two-headed ogres
  A freezing wraith (D:15)
  A minotaur skeleton (Lab)
  A trapdoor spider zombie (D:8)
  A slime creature (D:13)
  2 trapdoor spiders
  4 blink frogs
  3 hogs (Lair:6)
  2 shadows (Lab)
  A vampire (D:15)
  2 wyverns
  16 yaks
  32 deep elf magi
  3 wraiths (Orc:3)
  6 redbacks (Spider:1)
  13 water elementals
  13 hippogriffs
  8 basilisks
  3 wargs
  8 wolves
  38 deep elf fighters
  3 hungry ghosts
  5 vampire mosquitoes
  5 mottled dragons
  8 porcupines
  29 water moccasins
  3 sky beasts
  A sky beast (shapeshifter) (D:15)
  42 orc warriors
  3 spiders (Lair:8)
  A black bear (shapeshifter) (D:14)
  A swamp drake (Lair:8)
  6 wasps
  21 ogres
  4 black bears
  10 ice beasts
  3 phantoms
  14 centaurs
  19 crocodiles
  An eye of draining (D:13)
  A necrophage (D:7)
  A brain worm (D:14)
  18 giant frogs
  3 big kobolds
  An earth elemental (Lab)
  A wyvern zombie (D:7)
  A wyvern skeleton (D:14)
  9 scorpions
  A water moccasin skeleton (D:5)
  6 wights
  A vampire bat (D:5)
  10 killer bees
  2 electric eels
  2 giant frog zombies
  A quasit (D:7)
  4 centaur zombies
  11 jellies
  5 crimson imps
  26 orc wizards
  8 centaur skeletons
  31 orc priests
  2 giant frog skeletons
  Jessica (D:3)
  8 hounds
  24 sheep
  18 worker ants
  12 hell rats
  16 iguanas
  A hound skeleton (D:4)
  24 adders
  67 river rats
  A worker ant zombie (D:9)
  A gnoll (D:1)
  2 giant eyeballs (D:15)
  5 shadow imps
  5 oozes (D:9)
  4 adder skeletons
  2 adder zombies
  5 worms
  3 fire bats (D:5)
  179 orcs
  2 spectral bats (D:5)
  A ball python (D:5)
  26 bats
  3 bat skeletons (D:5)
  A bat zombie (D:5)
  7 giant cockroaches
  12 hobgoblins
  21 jackals
  23 kobolds
  8 quokkas
  A ball python skeleton (D:5)
  A bat simulacrum (D:5)
  3 giant geckos
  A giant gecko zombie (D:5)
  3 giant newts
  6 goblins
  A jackal zombie (D:8)
  2 quokka skeletons
  13 rats
  2 crawling corpses (Elf:3)
  2 fungi (D:9)
  2 plants (Elf:2)
1507 creatures vanquished.

Vanquished Creatures (others)
  4 merfolk javelineers (Shoals:4)
  A satyr (Shoals:2)
  A human (Lair:6)
  A mottled dragon (Lair:8)
  15 fungi
  32 plants
  4 tentacles (Shoals:1)
  145 tentacle segments (Shoals:1)
203 creatures vanquished.

Grand Total: 1710 creatures vanquished

Notes
Turn   | Place    | Note
--------------------------------------------------------------
     0 | D:1      | Peloso the Minotaur Fighter began the quest for the Orb.
     0 | D:1      | Reached XP level 1. HP: 19/19 MP: 0/0
   272 | D:1      | Reached XP level 2. HP: 27/27 MP: 1/1
   367 | D:1      | Reached skill level 4 in Armour
   676 | D:2      | Reached XP level 3. HP: 30/33 MP: 2/2
  1137 | D:2      | Reached XP level 4. HP: 30/40 MP: 3/3
  1347 | D:3      | Reached skill level 5 in Armour
  1401 | D:3      | Found a shimmering altar of Xom.
  1403 | D:3      | Found a shimmering altar of Xom.
  1408 | D:3      | Found a shimmering altar of Xom.
  1551 | D:3      | Noticed Jessica
  1560 | D:3      | Killed Jessica
  1595 | D:3      | Found a shimmering altar of Xom.
  1595 | D:3      | Found a shimmering altar of Xom.
  1596 | D:3      | Found a shimmering altar of Xom.
  1596 | D:3      | Found a shimmering altar of Xom.
  1692 | D:3      | Found a basalt altar of Yredelemnul.
  1840 | D:3      | Found an opulent altar of Gozag.
  1842 | D:3      | Found a glowing golden altar of the Shining One.
  1872 | D:3      | Reached XP level 5. HP: 46/46 MP: 4/4
  1972 | D:3      | Reached skill level 1 in Dodging
  2174 | D:4      | Reached skill level 5 in Shields
  2189 | D:4      | Reached XP level 6. HP: 19/52 MP: 5/5
  2857 | D:4      | Reached skill level 6 in Armour
  3015 | D:5      | Entered Level 5 of the Dungeon
  3082 | D:5      | Reached XP level 7. HP: 43/60 MP: 6/6
  3112 | D:5      | Found a staircase to the Ecumenical Temple.
  3419 | D:5      | Reached skill level 5 in Fighting
  3436 | Temple   | Entered the Ecumenical Temple
  3927 | D:5      | Reached skill level 5 in Long Blades
  4643 | D:4      | Reached skill level 7 in Armour
  4694 | D:5      | Reached XP level 8. HP: 42/69 MP: 7/7
  5305 | D:5      | Found a basalt altar of Yredelemnul.
  5318 | D:5      | Reached skill level 8 in Shields
  5996 | D:7      | Found Ideimiad's General Store.
  6005 | D:7      | Got an encrusted spear
  6006 | D:7      | Identified the cursed +3 spear of Courage {distort, rPois rF- Str+8} (You found it on level 7 of the Dungeon)
  6043 | D:7      | Reached XP level 9. HP: 64/78 MP: 8/8
  6066 | D:7      | Gained mutation: You expend magic power (3 MP) to strengthen your wands. [mutagenic glow]
  6084 | D:7      | Reached skill level 9 in Shields
  6170 | D:7      | Gained mutation: Your body sometimes deteriorates upon taking damage. [mutagenic glow]
  6798 | D:8      | Noticed an ice statue
  6953 | D:8      | Found an iron altar of Okawaru.
  6979 | D:8      | Became a worshipper of Warmaster Okawaru
  7088 | D:8      | Found Nyliq's Antique Armour Emporium.
  7413 | D:8      | Reached * piety under Okawaru
  7534 | D:8      | Found a bloodstained altar of Trog.
  7575 | D:8      | Noticed an orange crystal statue
  7887 | D:9      | Reached XP level 10. HP: 64/88 MP: 9/9
  7980 | D:9      | Found a staircase to the Lair.
  8007 | D:9      | Reached skill level 10 in Shields
  8040 | D:9      | Found a burning altar of Makhleb.
  8088 | D:9      | Reached ** piety under Okawaru
  8127 | D:9      | Found Waroa's Assorted Antiques.
  8411 | D:9      | Reached skill level 10 in Armour
  8768 | D:10     | Entered Level 10 of the Dungeon
  8855 | D:10     | Found Bohyol's Armour Shoppe.
  8879 | D:10     | Bought a +0 pair of boots of flying for 195 gold pieces
  8956 | D:10     | You are sucked into a shaft!
  9091 | D:11     | Noticed a cyclops
  9100 | D:11     | Killed a cyclops
  9109 | D:11     | Reached *** piety under Okawaru
  9397 | D:11     | Reached skill level 1 in Invocations
  9516 | D:11     | Reached skill level 10 in Long Blades
  9598 | D:11     | Noticed a four-headed hydra
  9611 | D:11     | Killed a nine-headed hydra
  9611 | D:11     | Reached skill level 1 in Stealth
  9623 | D:11     | Gained mutation: You have an increased reservoir of magic (+10% MP). [potion of beneficial mutation]
  9660 | D:11     | Reached XP level 11. HP: 78/97 MP: 4/12
  9756 | D:11     | Noticed a hill giant
  9765 | D:11     | Killed a hill giant
 10116 | D:11     | Reached **** piety under Okawaru
 10196 | D:11     | Noticed a brown ugly thing
 10211 | D:11     | Killed a brown ugly thing
 10211 | D:11     | Reached skill level 11 in Shields
 10390 | D:11     | Found a staircase to the Orcish Mines.
 10880 | D:12     | Reached skill level 10 in Fighting
 11260 | D:12     | Found Kimoeb's Gadget Shop.
 11299 | D:12     | Killed an unseen horror
 11299 | D:12     | Reached skill level 12 in Long Blades
 11477 | D:12     | Reached ***** piety under Okawaru
 11671 | D:13     | Received a gift from Okawaru
 11711 | D:13     | Reached XP level 12. HP: 9/107 MP: 14/14
 12310 | D:13     | Noticed a hill giant
 12318 | D:13     | Killed a hill giant
 12328 | D:13     | Noticed a hill giant
 12355 | D:13     | Killed a hill giant
 12429 | D:13     | Noticed a catoblepas
 12449 | D:13     | Killed a catoblepas
 12454 | D:13     | Reached skill level 5 in Dodging
 12762 | D:13     | Noticed a hill giant
 12771 | D:13     | Killed a hill giant
 12771 | D:13     | Received a gift from Okawaru
 12772 | D:13     | Noticed Romlok's ghost (journeyman VSNe)
 12805 | D:13     | Killed Romlok's ghost
 13184 | D:13     | Reached skill level 13 in Long Blades
 13419 | D:13     | Noticed a centaur warrior
 13430 | D:13     | Killed a centaur warrior
 13488 | D:13     | Noticed a four-headed hydra
 13498 | D:13     | Killed a one-headed hydra
 13922 | D:10     | Noticed Maud
 13941 | D:10     | Killed Maud
 14351 | D:10     | Found a portal to a secret trove of treasure.
 14513 | D:12     | Noticed a hill giant
 14521 | D:12     | Killed a hill giant
 14628 | Lair:1   | Entered Level 1 of the Lair of Beasts
 14680 | Lair:1   | Found a frozen archway.
 14710 | IceCv    | Entered an ice cave
 14727 | IceCv    | Reached XP level 13. HP: 116/116 MP: 9/16
 15228 | IceCv    | Got a shimmering hunting sling
 15980 | Lair:1   | Identified the +5 hunting sling "Udotoef" {venom, rC+ Int+2 Dex-5} (You found it in an ice cave)
 16019 | Lair:2   | Reached skill level 14 in Long Blades
 18348 | Lair:4   | Found a labyrinth entrance.
 18355 | Lab      | Entered a labyrinth
 18547 | Lab      | Found an exit through the horrors of the Abyss.
 18552 | Lab      | Received a gift from Okawaru
 18590 | Lab      | Found an exit through the horrors of the Abyss.
 18687 | Lab      | Found an exit through the horrors of the Abyss.
 18806 | Lab      | Found an exit through the horrors of the Abyss.
 18952 | Lab      | Got a smoking short sword {speed}
 18963 | Lab      | Identified the +11 short sword of Bastro {speed, +Fly rF+ rN++ MP-9} (You took it off a minotaur in a labyrinth)
 19088 | Lair:4   | Found a staircase to the Shoals.
 19108 | Lair:4   | Reached skill level 1 in Evocations
 19638 | Lair:4   | Found an ancient bone altar of Kikubaaqudgha.
 20071 | Orc:1    | Entered Level 1 of the Orcish Mines
 20230 | Orc:1    | Found Zucwuobe's Gadget Boutique.
 20435 | Orc:1    | Found Kearheot's Armour Shoppe.
 20443 | Orc:1    | Bought the +2 pair of fencer's gloves {LBl+4 SBl+4 EV+3 Dex+6} for 700 gold pieces
 20563 | Orc:2    | Found a roughly hewn altar of Beogh.
 20704 | Orc:2    | Received a gift from Okawaru
 20907 | Orc:3    | Noticed Josephine
 20931 | Orc:3    | Killed Josephine
 21033 | Orc:3    | Found a staircase to the Elven Halls.
 21161 | Orc:3    | Paralysed by an orc sorcerer for 6 turns
 21194 | Orc:3    | Noticed Erolcha
 21208 | Orc:3    | Killed Erolcha
 21208 | Orc:3    | Reached skill level 15 in Long Blades
 21597 | Orc:4    | Entered Level 4 of the Orcish Mines
 21757 | Orc:4    | Found Xiucaf's Distillery.
 22150 | Orc:4    | Found a dark tunnel.
 22159 | Volcano  | Entered a volcano
 22288 | Volcano  | Reached XP level 14. HP: 127/127 MP: 18/18
 22485 | Orc:4    | Found Qoroexaf's Distillery.
 22689 | Orc:4    | Reached skill level 15 in Shields
 23102 | Orc:4    | Reached skill level 5 in Invocations
 23113 | Orc:4    | Received a gift from Okawaru
 23136 | Orc:4    | Found Toesoxt's Antique Weapon Shop.
 23136 | Orc:4    | Found a one-way gate leading to the halls of Pandemonium.
 23136 | Orc:4    | Found Edeubb's Book Boutique.
 23899 | Orc:1    | Found Faagy's Gadget Boutique.
 24290 | Lair:5   | Noticed Snorg
 24299 | Lair:5   | Killed Snorg
 24622 | Lair:5   | Found a burning altar of Makhleb.
 24884 | Lair:6   | Reached skill level 16 in Long Blades
 24921 | Lair:6   | HP: 6/129 [poisoned by a spiny frog]
 24927 | Lair:6   | HP: 6/129 [poisoned by a spiny frog]
 25210 | Lair:6   | Noticed Kirke
 25219 | Lair:6   | Killed Kirke
 25219 | Lair:6   | Received a gift from Okawaru
 25223 | Lair:6   | Got a brightly glowing triple sword {god gift}
 25233 | Lair:6   | Identified the +7 triple sword of Growth {holy, Str+4 Stlth+} (Okawaru gifted it to you on level 6 of the Lair of Beasts)
 25615 | Lair:6   | Found a hole to the Spider Nest.
 26025 | Lair:7   | Reached ****** piety under Okawaru
 26108 | Lair:7   | Received a gift from Okawaru
 26108 | Lair:7   | Reached XP level 15. HP: 61/136 MP: 19/19
 27304 | Lair:8   | Entered Level 8 of the Lair of Beasts
 28189 | Lair:8   | Reached skill level 17 in Shields
 28214 | Lair:8   | Noticed Nessos
 28226 | Lair:8   | Killed Nessos
 28285 | Lair:8   | Found a staircase to the Slime Pits.
 28553 | Lair:8   | Received a gift from Okawaru
 29166 | Lair:8   | Got a shimmering plate armour
 29201 | Lair:8   | Identified the +0 plate armour of Tyeckiaj {Str+2 Slay+3} (You found it on level 8 of the Lair of Beasts)
 29944 | Spider:1 | Entered Level 1 of the Spider Nest
 30275 | D:14     | Found a gate to the Vaults.
 30353 | D:14     | Found Tifin's Weapon Boutique.
 30595 | D:14     | Received a gift from Okawaru
 30609 | D:14     | Found a shattered altar of Ashenzari.
 30975 | D:14     | Lost intelligence.
 31233 | D:15     | Entered Level 15 of the Dungeon
 31239 | D:15     | Reached XP level 16. HP: 124/147 MP: 20/20
 31513 | D:15     | Noticed a sphinx
 31519 | D:15     | Reached skill level 18 in Shields
 31522 | D:15     | Killed a sphinx
 31607 | D:15     | Got a transparent brass ring
 31627 | D:15     | Identified the ring of the Lotus Blossom {rC+ Int+3 Stlth+} (You found it on level 15 of the Dungeon)
 31655 | D:15     | Found Toysam's Book Shop.
 31665 | D:15     | Gained mutation: Your flesh is heat resistant. [potion of beneficial mutation]
 31748 | D:15     | Got a brightly glowing long sword
 31749 | D:15     | Identified the +10 long sword of Vanity {pain, Str+7} (You found it on level 15 of the Dungeon)
 32032 | D:15     | Got a transparent copper ring
 32034 | D:15     | Identified the ring of Xom's Wantonness {Ice +Inv Dex+3} (You found it on level 15 of the Dungeon)
 32055 | D:15     | Paralysed by a giant eyeball for 4 turns
 32066 | D:15     | Found Netzax's Gadget Boutique.
 32136 | D:15     | Paralysed by a hornet for 2 turns
 32152 | D:15     | Identified a scroll of acquirement
 32240 | D:15     | Got a bound iron ring
 32242 | D:15     | Identified the ring "Wadauj" {*Confuse rPois rF+ Str+4} (You found it on level 15 of the Dungeon)
 32420 | D:15     | Received a gift from Okawaru
 32544 | D:15     | Found Fetiugh's Distillery.
 32560 | D:15     | Bought a potion of curing for 42 gold pieces
 32591 | D:15     | Reached skill level 15 in Fighting
 33089 | D:15     | Found a staircase to the Depths.
 33313 | D:15     | Reached skill level 15 in Armour
 33383 | D:15     | Received a gift from Okawaru
 33863 | Shoals:1 | Entered Level 1 of the Shoals
 34056 | Shoals:1 | HP: 6/149 [kraken (28)]
 35261 | Shoals:2 | Reached skill level 19 in Long Blades
 35538 | Shoals:2 | Reached XP level 17. HP: 149/156 MP: 21/21
 35643 | Shoals:2 | Received a gift from Okawaru
 36100 | Shoals:2 | Received a gift from Okawaru
 36110 | Shoals:2 | Got a smoking large shield {god gift}
 36125 | Shoals:2 | Identified the -4 large shield of the Cockatrice {rN+ Dex-5 Stlth+} (Okawaru gifted it to you on level 2 of the Shoals)
 36243 | Shoals:2 | Noticed riffraff's ghost (adept MiFi)
 36260 | Shoals:2 | Killed riffraff's ghost
 37267 | D:8      | Killed an orange crystal statue
 37337 | D:8      | Killed an ice statue
 37560 | Elf:1    | Entered Level 1 of the Elven Halls
 37933 | Elf:1    | Found Toda's Tempting Trifles.
 39403 | Elf:2    | Found a huge runed gate.
 39403 | Elf:2    | Found a huge runed gate.
 39403 | Elf:2    | Found a huge runed gate.
 39413 | Elf:2    | Found a huge runed gate.
 39414 | Elf:2    | Found a huge runed gate.
 39771 | Elf:2    | Reached skill level 20 in Long Blades
 39991 | Elf:2    | Noticed Donald
 40018 | Elf:2    | Killed Donald
 40027 | Elf:2    | Received a gift from Okawaru
 40334 | Elf:2    | Identified a +0 pair of boots of running (Okawaru gifted it to you on level 2 of the Elven Halls)
 40839 | Elf:2    | Noticed Jorgrun
 40852 | Elf:2    | Killed Jorgrun
 41105 | Elf:3    | Entered Level 3 of the Elven Halls
 41223 | Elf:3    | Reached XP level 18. HP: 158/168 MP: 23/23
 43096 | Elf:3    | Reached skill level 21 in Long Blades
 43899 | Elf:3    | Got a sparkling pewter ring
 44264 | Elf:3    | Received a gift from Okawaru
 44652 | Elf:3    | Got a brightly glowing amber ring
 44942 | Elf:3    | Got a faintly glowing crystal plate armour
 44966 | Elf:3    | Identified the cursed +1 crystal plate armour of Ynatolef {Int+3} (You took it off a deep elf high priest on level 3 of the Elven Halls)
 45887 | Elf:3    | Received a gift from Okawaru
 46090 | Elf:3    | Identified the ring of Nauck {*Contam *Drain rF+ rN+ Int+10} (You took it off a deep elf annihilator on level 3 of the Elven Halls)
 46096 | Elf:3    | Identified the ring "Dasop" {rF+ Str-5 Int+4 Stlth+} (You took it off a deep elf annihilator on level 3 of the Elven Halls)
 46197 | Elf:3    | Identified the Collected Works on Stones (You found it on level 3 of the Elven Halls)
 46231 | Elf:3    | Identified the Almanac of Hexes
 46465 | Elf:3    | Got a slimy scale mail
 46651 | Orc:4    | Bought a potion of heal wounds for 65 gold pieces
 46651 | Orc:4    | Bought a potion of heal wounds for 65 gold pieces
 46844 | Lair:1   | Identified the +4 scale mail of Nozydilual {rF+ Dex+2} (You took it off a deep elf blademaster on level 3 of the Elven Halls)
 47109 | Shoals:3 | Reached XP level 19. HP: 102/178 MP: 24/24
 47557 | Shoals:3 | Gained mutation: You are resistant to hostile enchantments. [potion of beneficial mutation]
 47781 | Shoals:3 | Received a gift from Okawaru
 48555 | Shoals:4 | Entered Level 4 of the Shoals
 48743 | Shoals:3 | Reached skill level 22 in Long Blades
 50733 | Shoals:4 | Got a barnacled rune of Zot
 51014 | Shoals:4 | Noticed Nikola
 51049 | Shoals:4 | Killed from afar by Nikola

Action                   |  1- 3 |  4- 6 |  7- 9 | 10-12 | 13-15 | 16-18 | 19-21 || total
-------------------------+-------+-------+-------+-------+-------+-------+-------++-------
Melee: Long sword        |   132 |   193 |   420 |   121 |       |   120 |       ||   986
       Scimitar          |       |       |       |   661 |  1631 |   435 |       ||  2727
       Triple sword      |       |       |       |       |    13 |       |       ||    13
       Double sword      |       |       |       |       |       |   708 |   322 ||  1030
Invok: Heroism           |       |       |       |    20 |    12 |    12 |     2 ||    46
       Finesse           |       |       |       |     3 |       |     2 |       ||     5
Evoke: Wand              |       |       |       |       |    11 |     1 |       ||    12
  Use: Scroll            |       |       |    10 |    14 |    14 |    22 |       ||    60
       Potion            |       |       |     1 |     7 |     5 |     5 |     1 ||    19
  Eat: Chunk             |     1 |     7 |    14 |    24 |    54 |    34 |     9 ||   143
       Beef jerky        |       |       |     1 |     1 |     1 |     6 |     3 ||    12
       Pizza             |       |       |       |     1 |     1 |     6 |       ||     8
